 Dungeon Crawl Stone Soup version 0.30-a0-964-gd452b5e7fa (webtiles) character file.

Game seed: 8738478853330396092

196 vishdafish the Conjurer (level 5, 0/36 HPs)
             Began as a Demonspawn Conjurer on Mar 31, 2023.
             Succumbed to a goblin's poison
             ... on level 2 of the Dungeon.
             The game lasted 00:01:45 (1794 turns).

vishdafish the Conjurer (Demonspawn Conjurer)       Turns: 1794, Time: 00:01:45

Health: 0/36       AC:  3    Str:  7    XL:     5   Next: 45%
Magic:  1/11       EV: 12    Int: 21    God:
Gold:   128        SH:  0    Dex: 12    Spells: 3/12 levels left

rFire   . . .      SeeInvis .    (no weapon)
rCold   . . .      Faith    .    (no shield)
rNeg    . . .      Spirit   .    a - +0 robe
rPois   .          Reflect  .    (no helmet)
rElec   .          Rampage  .    (no cloak)
rCorr   .          NoTele   +    (no gloves)
Will    .....                    (no boots)
Stlth   ++                       (no amulet)
HPRegen 0.26/turn                (no ring)
MPRegen 0.12/turn                (no ring)

@: brilliant, lethally poisoned (0 -> -20), stuck, very slightly contaminated
A: rugged brown scales 1
a: no special abilities


You were on level 2 of the Dungeon.
You visited 1 branch of the dungeon, and saw 3 of its levels.

You collected 128 gold pieces.

Inventory:

Armour
 a - a +0 robe (worn)
Scrolls
 b - a scroll of blinking {unknown}
 c - 4 scrolls of identify {unknown}
 f - a scroll of silence {unknown}
 k - a scroll of fear {unknown}
 m - a scroll of butterflies {unknown}
Potions
 d - a potion of lignification {unknown}
 e - a potion of attraction {unknown}
 g - 4 potions of brilliance
 h - a potion of berserk rage {unknown}
 i - 2 potions of curing {unknown}
 j - a potion of flight {unknown}
 l - a potion of degeneration {unknown}


   Skills:
 - Level 1.7 Dodging
 - Level 1.7 Stealth
 + Level 4.0 Spellcasting
 + Level 5.5 Conjurations


You had 3 spell levels left.
You knew the following spells:

 Your Spells              Type           Power      Damage    Failure   Level
a - Magic Dart            Conj           100%       1d8       1%          1
b - Fulminant Prism       Conj/Hex       11%        3d9       36%         4
c - Iskenderun's Mystic   Conj/Tloc      23%        2d6       36%         4

Your spell library contained the following spells:

 Spells                   Type           Power      Damage    Failure   Level
 Searing Ray              Conj           82%        2d7       1%          2
 Dazzling Flash           Conj/Hex       46%        N/A       12%         3


Dungeon Overview and Level Annotations

Branches:
Dungeon (3/15)

Altars:

Annotations:
D:3 Robin


Innate Abilities, Weirdness & Mutations

You are partially covered in rugged brown scales. (AC +1, +3% HP)


Message History

You feel extremely sick.
There is a stone staircase leading down here.
Casting: Magic Dart (safe; 1% risk of failure)
Confirm with . or Enter, or press ? or * to list all spells.
The spell is extremely dangerous to miscast (36% risk of failure)!
Continue anyway?
You miscast Iskenderun's Mystic Blast.
You are very lightly contaminated with residual magic.
You feel a wrenching sensation.
You are magically locked in place.
You feel very sick.
The goblin hits you with a +1 dagger of venom.
The goblin hits you but does no damage.
Unknown command.
Casting: Iskenderun's Mystic Blast (extremely dangerous; 36% risk of failure)
Confirm with . or Enter, or press ? or * to list all spells.
The spell is extremely dangerous to miscast (36% risk of failure)!
Continue anyway?
You miscast Iskenderun's Mystic Blast.
The air around you crackles with energy.
You are magically locked in place.
You feel sick.
The goblin hits you with a +1 dagger of venom.
* * * LOW HITPOINT WARNING * * *
You are lethally poisoned!
The goblin barely misses you.
Casting: Iskenderun's Mystic Blast (extremely dangerous; 36% risk of failure)
Confirm with . or Enter, or press ? or * to list all spells.
You don't have enough magic to cast this spell.
There is a lethal amount of poison in your body!
It was a potion of brilliance.
You feel clever all of a sudden.
* * * LOW HITPOINT WARNING * * *
You feel very sick.
The goblin hits you with a +1 dagger of venom.
* * * LOW HITPOINT WARNING * * *
You are more poisoned.
The goblin barely misses you.
Casting: Iskenderun's Mystic Blast (extremely dangerous; 36% risk of failure)
Confirm with . or Enter, or press ? or * to list all spells.
The spell is extremely dangerous to miscast (36% risk of failure)!
Continue anyway?
You feel a surge of power!
You miscast Iskenderun's Mystic Blast.
Space bends around you.
You are magically locked in place.
You die...

.##.### #.# #.# #.
.##.#######.## #.# #.
.##..........# #.# #.
.##########..#
########.# #. ..†.#
#..# #........# #.
.##.# #..#
#.##########.
.##.#######..########.#
#....
...............g......#
#.##.
#######......#.g@..####
#.##. #.#.##.#.###.#
#.##. #.#.##.#.# #.#
#.### #.#.##.#.# #.#
#.# ##.#.##.#.# #.# #.#
######.........# #.#
#.# .............###
#.# ###.###
######...##### #.#
#...... ##.## #.#
#.#.###


You could see 2 goblins.

Vanquished Creatures
  Sigmund (D:2)
  2 dart slugs
  A ball python (D:2)
  7 bats
  An endoplasm (D:2)
  3 giant cockroaches
  4 goblins
  4 hobgoblins
  2 kobolds
  3 quokkas
  2 frilled lizards (D:1)
  4 rats
34 creatures vanquished.

Notes
Turn   | Place    | Note
-------+----------+-------------------------------------------
     0 | D:1      | vishdafish the Demonspawn Conjurer began the quest for the
                  | Orb.
     0 | D:1      | Reached XP level 1. HP: 13/13 MP: 3/3
   299 | D:1      | Gained mutation: You are partially covered in rugged brown
                  | scales. (AC +1, +3% HP) [demonic ancestry]
   299 | D:1      | Reached XP level 2. HP: 8/19 MP: 1/5
   925 | D:2      | Noticed Sigmund
   939 | D:2      | Killed Sigmund
   940 | D:2      | Reached skill level 5 in Conjurations
   940 | D:2      | Reached XP level 3. HP: 24/24 MP: 5/8
   940 | D:2      | Reached XP level 4. HP: 30/30 MP: 5/9
   940 | D:2      | Reached XP level 5. HP: 36/36 MP: 5/10
  1737 | D:3      | Noticed Robin
  1758 | D:2      | Learned a level 4 spell: Fulminant Prism
  1763 | D:2      | Learned a level 4 spell: Iskenderun's Mystic Blast
  1794 | D:2      | Succumbed to a goblin's poison

Illustrated notes

Levels and vault maps discovered:
D:1:      amcnicky_arrival_flooded_fountain, layout_loops_ring
D:2:      layout_loops_ring, nicolae_elevator_lobby_asterisk, uniq_sigmund
D:3:      layout_basic, grunt_temple_overflow_holy_war, trog_butcher_becter,
          skrybe_limestone_x, uniq_robin

Skill      XL: |  1  2  3  4  5 |
---------------+----------------+-----
Spellcasting   | 3 4 |  4.0
Conjurations   | 5 |  5.5
Dodging        | |  1.7
Stealth        | |  1.7

Action                     |  1- 3 |  4- 6 || total
---------------------------+-------+-------++-------
  Melee: Unarmed           |     6 |       ||     6
   Cast: Magic Dart        |    36 |    33 ||    69
    Use: Potion            |     2 |     1 ||     3
 Armour: Robe              |     1 |     5 ||     6
  Dodge: Dodged            |    13 |     5 ||    18

Table legend: (Time is in decaauts)
 A = Elapsed time spent in this place.
 B = Non-inter-level travel time spent in this place.
 C = Inter-level travel time spent in this place.
 D = Time resting spent in this place.
 E = Time spent auto-exploring this place.
 F = Levels seen in this place.
 G = Mean time per level.
                   A        B        C        D        E       F      G
               +--------+--------+--------+--------+--------+-----+--------+
         Total |   1794 |   1768 |     26 |     24 |   1574 |   3 |  598.0 |
       Dungeon |   1794 |   1768 |     26 |     24 |   1574 |   3 |  598.0 |
               +--------+--------+--------+--------+--------+-----+--------+

Top non-repeatable levels by time:
     D:1: 877 daAuts
     D:2: 871 daAuts
     D:3: 46 daAuts
